 Dungeon Crawl Stone Soup version 0.31-a0-1074-g0b22e4e0f1 (webtiles) character file.

Game seed: 6217342721048760502

4232 grandjackal the Fighter (level 10, -8/92 HPs)
             Began as a Ghoul Monk on Nov 30, 2023.
             Was an Elder of Kikubaaqudgha.
             Killed from afar by a gargoyle (17 damage)
             ... with a stone arrow
             ... on level 10 of the Dungeon.
             The game lasted 00:10:07 (9003 turns).

grandjackal the Fighter (Ghoul Monk)                Turns: 9003, Time: 00:10:07

Health: -8/92      AC: 11    Str: 16    XL:     10   Next: 30%
Magic:  9/9        EV: 10    Int: 16    God:    Kikubaaqudgha [****..]
Gold:   552        SH:  0    Dex: 11    Spells: 5/9 levels left

rFire   + .          .
                       - Unarmed
rCold   + + +        c - orb {light}
rNeg    + + +        q - +0 scale mail
rPois   ∞            y - +1 helmet {Int+3}
rElec   +            K - +2 cloak {rPois}
rCorr   +            (no gloves)
SInv    .            (no boots)
Will    .....        g - amulet of faith Stlth
                     m - ring of resist corrosion
HPRegen 0.00/turn    D - ring of protection from cold
MPRegen 0.11/turn

%: faith
@: resistant, attractive, inhibited regen, glowing
A: claws 1, cold resistance 1, negative energy resistance 3, inhibited
regeneration, torment resistance 2, devour on kill
a: Renounce Religion, Unearth Wretches


You were on level 10 of the Dungeon.
You worshipped Kikubaaqudgha.
Kikubaaqudgha was greatly pleased with you.
You visited 1 branch of the dungeon, and saw 10 of its levels.

You collected 766 gold pieces.
You spent 214 gold pieces at shops.

Inventory:

Missiles
 t - 31 poisoned darts (quivered)
 B - 2 curare-tipped darts
Armour
 c - an orb of light (worn)
 q - a +0 scale mail (worn)
 y - a +1 helmet of intelligence (worn)
 E - an orb of energy
 K - a +2 cloak of poison resistance (worn)
Jewellery
 g - an amulet of faith (around neck)
 m - a ring of resist corrosion (left claw)
 A - a ring of ice
 C - a +5 ring of evasion
 D - a ring of protection from cold (right claw)
 J - a ring of magical power
Wands
 h - a wand of iceblast (13)
 G - a wand of mindburst (1)
Scrolls
 a - 3 scrolls of noise {unknown}
 k - 3 scrolls of teleportation {unknown}
 p - a scroll of fog {unknown}
 s - a scroll of vulnerability {unknown}
 v - a scroll of silence {unknown}
 w - 3 scrolls of blinking {unknown}
 z - a scroll of fear {unknown}
 F - a scroll of immolation {unknown}
 H - a scroll of revelation {unknown}
 I - a scroll of summoning {unknown}
Potions
 b - a potion of ambrosia
 d - 5 potions of might
 e - 2 potions of mutation
 f - 4 potions of heal wounds
 i - a potion of attraction
 j - 5 potions of enlightenment
 l - 2 potions of haste
 o - 4 potions of invisibility
 r - a potion of magic {unknown}
 u - 2 potions of curing
 x - a potion of resistance


   Skills:
 + Level 9.7 Fighting
 - Level 3.0 Dodging
 + Level 9.6 Unarmed Combat
 * Level 8.8 Necromancy


You had 5 spell levels left.
You knew the following spells:

 Your Spells              Type           Power      Damage    Failure   Level
a - Dispel Undead         Necr           28%        3d13      26%         4

Your spell library contained the following spells:

 Spells                   Type           Power      Damage    Failure   Level
 Necrotise                Necr           100%       1d9       2%          1
 Kiss of Death            Conj/Necr      56%        2d9       16%         1
 Animate Dead             Necr           28%        N/A       26%         4
 Cigotuvi's Dreadful Rot  Necr/Pois/Air  18%        N/A       41%         2
 Agony                    Necr           28%        N/A       56%         5
 Sting                    Tmut/Pois      0%         1d3       67%         1
 Lesser Beckoning         Tloc           0%         N/A       82%         2
 Confusing Touch          Hex            0%         N/A       96%         3
 Gell's Gravitas          Tloc           0%         N/A       96%         3
 Hailstorm                Conj/Ice       0%         3d3       96%         3
 Ignite Poison            Fire/Tmut/Pois 0%         N/A       96%         3
 Teleport Other           Tloc           0%         N/A       96%         3
 Cause Fear               Hex            0%         N/A       100%        4
 Freezing Cloud           Conj/Ice/Air   0%         6-21      100%        5
 Death Channel            Necr           14%        N/A       98%         6
 Simulacrum               Ice/Necr       7%         N/A       100%        6


Dungeon Overview and Level Annotations

Branches:
Dungeon (10/15)            Temple (0/1) D:5
   Lair: D:8-11         Orc: D:9-12

Altars:
Kikubaaqudgha
Nemelex Xobeh
Okawaru
Ru
Sif Muna
Vehumet
Xom

Shops:
D:4 ![[


Innate Abilities, Weirdness & Mutations

You are immune to poison.
You have sharp fingernails.
Your flesh is cold resistant. (rC+)
You are immune to negative energy. (rN+++)
You do not regenerate when monsters are visible.
You are immune to unholy pain and torment.
You thrive by killing the living.


Message History

You scratch the gargoyle but do no damage.
The gargoyle hits you with a +0 flail!
You scratch the gargoyle.
The gargoyle is lightly damaged.
It was a potion of heal wounds.
You feel much better. The gargoyle hits you with a +0 flail!
It was a potion of attraction.
You feel attractive to monsters.
The gargoyle hits you but does no damage.
It was a potion of curing.
You feel better.
The gargoyle hurls a stone arrow at you.
The stone arrow misses you.
It was a potion of resistance.
You feel protected.
The gargoyle hurls a stone arrow at you.
The stone arrow hits you!
It was a potion of lignification.
You feel woody for a moment.
The gargoyle hits you but does no damage.
You claw the gargoyle!
The gargoyle is heavily damaged.
The gargoyle hits you with a +0 flail!
You scratch the gargoyle but do no damage.
The gargoyle is heavily damaged.
The gargoyle hurls a stone arrow at you.
The stone arrow hits you!!
* * * LOW HITPOINT WARNING * * *
You scratch the gargoyle.
The gargoyle is severely damaged.
The gargoyle hits you with a +0 flail.
* * * LOW HITPOINT WARNING * * *
You scratch the gargoyle but do no damage.
The gargoyle is severely damaged.
The gargoyle hits you with a +0 flail!
* * * LOW HITPOINT WARNING * * *
You completely miss the gargoyle.
The gargoyle is severely damaged.
The gargoyle hurls a stone arrow at you.
The stone arrow hits you!
You die...
Kikubaaqudgha rasps: "You have failed me!
Welcome... oblivion!"

#........≈≈§§...## #
#.....##...###### #
#.... ##.## # #.... #.#
###### #...# #.# !...!#
##...# #!####).!.!#
..##....# #....').∩.!#
~../...9# #.####)..!!#
#.....@#####!#.##....!#
####....##.#.#..#######
##..........###..##.
#.........## ##....
##........# ###..
#.......## #..
#....#..# #.. #....#..#
#.. #......... #..


You could see a gargoyle.

Vanquished Creatures
  A two-headed ogre (D:10)
  Maurice (D:8)
  A troll (D:9)
  A shadow (D:9)
  A vampire (D:10)
  A wyvern (D:9)
  3 ice beasts
  A sky beast (D:7)
  A black bear (D:8)
  An ogre (D:6)
  3 centaurs
  4 bullfrogs
  2 kobold brigands (D:6)
  A scorpion (D:4)
  8 wights (D:7)
  4 killer bees (D:10)
  2 jellies
  An orc priest (D:4)
  A gnoll bouda (D:6)
  A hound (D:5)
  6 orc wizards
  Natasha (thrice) (D:3)
  10 adders
  18 gnolls
  A shadow imp (D:8)
  3 white imps
  2 ufetubi (D:6)
  5 worms
  3 dart slugs (D:2)
  30 orcs
  6 endoplasms
  5 giant cockroaches
  8 goblins
  6 hobgoblins
  4 jackals (D:1)
  12 kobolds
  5 quokkas
  8 ball pythons
  2 bats
  2 frilled lizards
  3 rats (D:1)
181 creatures vanquished.

Notes
Turn   | Place    | Note
-------+----------+-------------------------------------------
     0 | D:1      | grandjackal the Ghoul Monk began the quest for the Orb.
     0 | D:1      | Reached XP level 1. HP: 19/19 MP: 0/0
    47 | D:1      | Reached XP level 2. HP: 26/26 MP: 1/1
   742 | D:2      | Reached XP level 3. HP: 33/33 MP: 2/2
  1044 | D:2      | Reached XP level 4. HP: 39/40 MP: 3/3
  1641 | D:3      | Found a faded altar of an unknown god.
  1660 | D:3      | Reached XP level 5. HP: 27/47 MP: 4/4
  1793 | D:3      | Got Plato's Catalogue of the Scorpion
  1823 | D:3      | Found a shimmering blue altar of Sif Muna.
  1982 | D:3      | Found a shimmering altar of Xom.
  1987 | D:3      | Reached skill level 5 in Fighting
  2231 | D:3      | Reached skill level 5 in Unarmed Combat
  2423 | D:3      | You fall into a shaft and drop 1 floor!
  2512 | D:4      | Reached XP level 6. HP: 55/56 MP: 5/5
  2517 | D:4      | Found a sacrificial altar of Ru.
  2552 | D:4      | Found Goyl's Armour Boutique.
  2776 | D:3      | Noticed Natasha
  2782 | D:3      | Killed Natasha
  3024 | D:3      | Noticed Natasha
  3034 | D:3      | Killed Natasha
  3188 | D:3      | Noticed Natasha
  3194 | D:3      | Killed Natasha
  3388 | D:4      | Reached XP level 7. HP: 29/64 MP: 6/6
  3523 | D:4      | Found an iron altar of Okawaru.
  3670 | D:4      | Found Badiez's Distillery.
  3716 | D:4      | Found Fudeock's Armour Shoppe.
  3842 | D:4      | Found a sparkling altar of Nemelex Xobeh.
  3907 | D:5      | Entered Level 5 of the Dungeon
  3975 | D:4      | Bought a +1 helmet of intelligence for 214 gold pieces
  4377 | D:5      | Found an ancient bone altar of Kikubaaqudgha.
  4384 | D:5      | Became a worshipper of Kikubaaqudgha
  4384 | D:5      | Reached * piety under Kikubaaqudgha
  4384 | D:5      | Received a gift from Kikubaaqudgha
  4384 | D:5      | Reached ** piety under Kikubaaqudgha
  4391 | D:5      | Learned a level 4 spell: Dispel Undead
  4458 | D:5      | Found a staircase to the Ecumenical Temple.
  4811 | D:6      | Reached skill level 1 in Necromancy
  5088 | D:6      | Reached XP level 8. HP: 70/73 MP: 7/7
  5288 | D:6      | Got the Reference Book on Bolts and the Evil Eye
  5713 | D:6      | Reached *** piety under Kikubaaqudgha
  5713 | D:6      | Received a gift from Kikubaaqudgha
  6039 | D:7      | Reached skill level 5 in Necromancy
  6131 | D:7      | Reached XP level 9. HP: 58/81 MP: 8/8
  6617 | D:8      | Noticed Maurice
  6640 | D:8      | Killed Maurice
  6917 | D:8      | Found a radiant altar of Vehumet.
  7361 | D:9      | Reached **** piety under Kikubaaqudgha
  7525 | D:9      | Noticed a troll
  7538 | D:9      | Killed a troll
  8318 | D:10     | Entered Level 10 of the Dungeon
  8343 | D:10     | Reached XP level 10. HP: 75/91 MP: 0/9
  8419 | D:10     | Noticed a two-headed ogre
  8424 | D:10     | Killed a two-headed ogre
  8989 | D:10     | Noticed a gargoyle
  9003 | D:10     | Killed from afar by a gargoyle

Illustrated notes

Levels and vault maps discovered:
D:1:      dpeg_arrival_round_c, layout_basic, minmay_misc_feat_room
D:2:      layout_loops_ring, kennysheep_generic_room_4
D:3:      layout_basic, mainiacjoe_overflow_24_doors,
          mainiacjoe_overflow_catwalk, shapermc_ecumenical_altar_rom_forum,
          uniq_natasha
D:4:      layout_rooms, nicolae_ru_great_annihilating_truth,
          okawaru_metal_pillars_1_2, nemelex_dance_club_becter, serial_shops,
          shop, nicolae_shop_statue_plus,
          nicolae_shop_temple_entry_statues_fountains,
          minmay_misc_feat_secret_circle, minmay_unequal
D:5:      layout_basic, mainiacjoe_overflow_paths,
          minmay_temple_entry_large_hall, serial_co_window_serial,
          co_window_paths_b, co_window_of_opportunity_a, co_window_corner_a,
          co_window_of_opportunity_a, co_window_paths_b, co_window_paths_a,
          co_window_corner_a, co_window_corner_b, co_window_2corner,
          co_window_broadway_c, co_window_broadway_c,
          co_window_of_opportunity_b, glass_columns_b
D:6:      layout_loops_ring, marbit_many_paths, kennysheep_generic_room_14
D:7:      cheibrodos_helix_gallery, layout_cave_pools
D:8:      layout_cave_pools, nicolae_overflow_hidden_temple, uniq_maurice,
          uniq_grum
D:9:      minmay_klotski, layout_basic
D:10:     layout_layer_cave, hellmonk_lair_entry_icy, orc_0_dummy,
          enter_bailey_7, kennysheep_decorative_pillar

Skill      XL: |  1  2  3  4  5  6  7  8  9 |
---------------+----------------------------+-----
Dodging        | 3 |  3.0
Fighting       | 4 5 6 7 8 9 |  9.7
Unarmed Combat | 4 5 6 7 8 9 |  9.6
Necromancy     | 2 5 8 |  8.8

Action                     |  1- 3 |  4- 6 |  7- 9 | 10-12 || total
---------------------------+-------+-------+-------+-------++-------
  Melee: Unarmed           |    83 |   146 |   296 |    41 ||   566
  Throw: Dart              |       |       |     3 |       ||     3
   Cast: Dispel Undead     |       |       |     1 |       ||     1
  Evoke: Wand              |       |       |     6 |     6 ||    12
    Use: Scroll            |       |       |     6 |       ||     6
         Potion            |       |       |       |     5 ||     5
   Stab: Paralysed         |       |       |    11 |       ||    11
 Armour: Robe              |    37 |    11 |       |       ||    48
         Scale mail        |       |    89 |   215 |    94 ||   398
  Dodge: Dodged            |    35 |    74 |   146 |    64 ||   319

Table legend: (Time is in decaauts)
 A = Elapsed time spent in this place.
 B = Non-inter-level travel time spent in this place.
 C = Inter-level travel time spent in this place.
 D = Time resting spent in this place.
 E = Time spent auto-exploring this place.
 F = Levels seen in this place.
 G = Mean time per level.
                   A        B        C        D        E       F      G
               +--------+--------+--------+--------+--------+-----+--------+
         Total |   8940 |   8368 |    572 |   1356 |   5723 |  10 |  894.0 |
       Dungeon |   8940 |   8368 |    572 |   1356 |   5723 |  10 |  894.0 |
               +--------+--------+--------+--------+--------+-----+--------+

Top non-repeatable levels by time:
     D:3: 1436 daAuts
     D:9: 1109 daAuts
     D:6: 937 daAuts
     D:2: 877 daAuts
     D:4: 871 daAuts
     D:7: 854 daAuts
     D:5: 850 daAuts
     D:1: 732 daAuts
    D:10: 677 daAuts
     D:8: 593 daAuts
